 Dungeon Crawl Stone Soup version bcrawl-1.12-8-g964540c432 (webtiles) character file.

Game seed: 9995247892584946614

48 Freyura the Ducker (level 3, -4/26 HPs)
             Began as a Fairy Fighter on June 5, 2019.
             Slain by an orc priest
             ... wielding a cursed -1 flail
              (7 damage)
             ... on level 2 of the Dungeon.
             The game lasted 00:04:04 (1274 turns).

Freyura the Ducker (Fairy Fighter)                  Turns: 1274, Time: 00:04:04

Health: -4/26      AC:  4    Str: 14    XL:     3   Next: 72%
Magic:  5/5        EV: 18    Int: 11    God:
Gold:   130        SH:  4    Dex: 12    Spells: 2/2 levels left

rFire    . . .     SeeInvis .   a - +0 long sword
rCold    . . .     Gourm    .   (shield restricted)
rNeg     . . .     Faith    .   (armour unavailable)
rPois    .         Spirit   .   (no helmet)
rElec    .         Reflect  .   (no cloak)
rCorr    .         Harm     .   (no gloves)
MR       .....                  (no boots)
Stlth    ..........             (no amulet)
HPRegen  0.08/turn              (no ring)
MPRegen  0.09/turn              (no ring)

@: flying evasively
A: small, magic attunement, unstealthy, unfitting armour, able to fly, AC/SH +4
a: Stop Flying


You were on level 2 of the Dungeon.
You were not hungry.

You visited 1 branch of the dungeon, and saw 2 of its levels.

You collected 130 gold pieces.

Inventory:

Hand Weapons
 a - a +0 long sword (weapon)
Armour
 b - a +0 shield
Scrolls
 e - a scroll of identify {unknown}
 h - 2 scrolls of teleportation {unknown}
 i - a scroll of amnesia {unknown}
Potions
 c - 2 potions of might
 f - a potion of agility {unknown}
 g - 2 potions of heal wounds {unknown}
 j - a potion of resistance {unknown}
Comestibles
 d - 2 rations {!d}


   Skills:
 + Level 3.0 Fighting
 * Level 2.3 Long Blades
 + Level 4.5 Dodging
 - Level 4.0 Shields


You had 2 spell levels left.
You didn't know any spells.
Your spell library was empty.

Dungeon Overview and Level Annotations

Branches:
Dungeon (2/12)

Altars:


Innate Abilities, Weirdness & Mutations

Your spells do not cause hunger and MP costs are reduced by 1.
Your bright wings attract enemies. (Stealth-)
You cannot fit into any form of body armour.
Your shimmering scales are hard and can block incoming attacks. (AC +4, SH +4)
You are small and have problems with some larger weapons.
You can fly continuously.


Message History

You are too injured to fight recklessly!
You are too injured to fight recklessly!
You are too injured to fight recklessly!
You are too injured to fight recklessly!
You are too injured to fight recklessly!
You completely miss the orc priest.
The orc priest is lightly wounded.
The orc hits you but does no damage. The orc completely misses you.
The orc priest misses you. The orc misses you. The orc completely misses you.
You closely miss the orc priest.
The orc priest is lightly wounded.
You block the orc's attack.
The orc priest hits you with a cursed -1 flail.
* * * LOW HITPOINT WARNING * * *
The orc barely misses you. The orc closely misses you.
You hit the orc priest.
The orc priest is heavily wounded.
The orc misses you.
The orc priest hits you with a cursed -1 flail!
You die...

...# ####.................
...###.....#######...#####
##.........# #.....#
#####.##### #.....# #.#
#####.....# #####.#
#...##...## ..##.# #...
#...# #.##.# ####..o##...#
###.##.# #.....o@...##
.......# #.....oo.$...<..
.##.#### #.........######
###.# ##.........# ....#
#.#...#.#.# ##### #
#...#<#.# ...##.#.# .###
#^#.#


You could see an orc priest and 3 orcs.

Vanquished Creatures
  An adder (D:2)
  A dart slug (D:1)
  A leopard gecko (D:1)
  4 bats
  3 giant cockroaches
  4 goblins
  3 hobgoblins (D:1)
  2 jackals (D:2)
  4 kobolds (D:1)
  A quokka (D:2)
  A ball python (D:1)
  4 frilled lizards (D:1)
  4 rats
33 creatures vanquished.

Notes
Turn   | Place    | Note
-------+----------+-------------------------------------------
     0 | D:1      | Freyura the Fairy Fighter began the quest for the Orb.
     0 | D:1      | Reached XP level 1. HP: 15/15 MP: 3/3
    57 | D:1      | Reached XP level 2. HP: 20/20 MP: 4/4
   446 | D:1      | Reached XP level 3. HP: 21/25 MP: 5/5
  1274 | D:2      | Slain by an orc priest

Skill      XL: |  1  2  3 |
---------------+----------+-----
Long Blades    | 2 |  2.3
Shields        | 4 |  4.0
Fighting       | 3 |  3.0
Dodging        | |  4.5

Action                   || total
-------------------------++-------
Melee: Long sword        ||   128
  Eat: Chunk             ||     1
Armor: Skin              ||    17
Dodge: Dodged            ||   100
Block: Shield            ||    85
       Other             ||    10
